 Dungeon Crawl Stone Soup version 0.25-a0-603-g0321be95db (webtiles) character file.

Game seed: 7075712415434813192, levelgen mode: deterministic

3525 An17 the Chopper (level 9, -1/68 HPs)
             Began as a Mummy Wanderer on Mar 16, 2020.
             Was an Initiate of Gozag.
             Slain by a hog (8 damage)
             ... on level 7 of the Dungeon.
             The game lasted 00:18:21 (6576 turns).

An17 the Chopper (Mummy Wanderer)                   Turns: 6576, Time: 00:18:21

Health: -1/68      AC: 11    Str: 20    XL:     9   Next: 82%
Magic:  9/9        EV: 11    Int: 10    God:    Gozag
Gold:   750        SH:  0    Dex: 11    Spells: 8/8 levels left

rFire    x . .     SeeInvis .   e - +1 hand axe (drain)
rCold    + . .     Gourm    .   (no shield)
rNeg     + + +     Faith    .   b - +2 scale mail
rPois    ∞         Spirit   .   g - +2 hat
rElec    .         Reflect  .   (no cloak)
rCorr    .         Harm     .   (no gloves)
MR       +++..                  (no boots)
Stlth    ..........             (no amulet)
HPRegen  0.21/turn              j - ring of protection from magic
MPRegen  0.11/turn              h - ring of protection from magic

@: no status effects
A: no food or potions, fire vulnerability, cold resistance 1, negative energy
resistance 3, torment resistance, unbreathing
a: Potion Petition, Call Merchant, Bribe Branch, Renounce Religion


You were on level 7 of the Dungeon.
You worshipped Gozag.
Gozag was pleased with you.
You were not hungry.

You visited 2 branches of the dungeon, and saw 8 of its levels.

You collected 1183 gold pieces.
You paid 433 gold pieces to Gozag.

Inventory:

Hand Weapons
 e - a +1 hand axe of draining (weapon)
 m - a +0 war axe
Missiles
 c - 11 poisoned darts (quivered)
Armour
 b - a +2 scale mail (worn)
 g - a +2 hat (worn)
Jewellery
 a - an uncursed ring of magical power
 d - an uncursed ring of magical power
 h - a ring of protection from magic (right hand)
 j - a ring of protection from magic (left hand)
Wands
 f - a wand of paralysis (14)
 l - a wand of enslavement (10)
 o - a wand of flame (29)
Scrolls
 i - 3 scrolls of fog
 k - 3 scrolls of remove curse
 n - 2 scrolls of identify
 p - 2 scrolls of amnesia
 q - 2 scrolls of teleportation
 r - a scroll of magic mapping


   Skills:
 + Level 5.4 Fighting
 + Level 7.9(8.1) Axes
   Level 1.9(5.3) Maces & Flails
   Level 1.5 Bows
 + Level 1.1 Throwing
 + Level 6.7 Armour
 + Level 3.5 Dodging
   Level 1.0 Shields


You had 8 spell levels left.
You didn't know any spells.
Your spell library contained the following spells:

 Spells                   Type           Power        Failure   Level  Hunger
 Magic Dart               Conj           #...         69%         1    N/A
 Blink                    Tloc           N/A          83%         2    N/A
 Call Imp                 Summ           #.......     83%         2    N/A
 Slow                     Hex            #.......     83%         2    N/A
 Conjure Flame            Conj/Fire      #.......     96%         3    N/A
 Mephitic Cloud           Conj/Pois/Air  #.......     96%         3    N/A

Dungeon Overview and Level Annotations

Branches:
Dungeon (7/15)             Temple (1/1) D:6

Altars:
Ashenzari
Fedhas
Gozag
Hepliaklqana
Kikubaaqudgha
Okawaru
Trog
Uskayaw
Vehumet
Wu Jian


Innate Abilities, Weirdness & Mutations

You do not eat or drink.
Your flesh is vulnerable to fire.
You are immune to poison.
Your flesh is cold resistant. (rC+)
You are immune to negative energy. (rN+++)
You are immune to unholy pain and torment.
You can survive without breathing.


Message History

* * * LOW HITPOINT WARNING * * *
The hog barely misses you.
The hog seems less drained.
The hog bites you but does no damage. The hog bites you but does no damage.
The hog bites you.
* * * LOW HITPOINT WARNING * * *
The hog bites you.
* * * LOW HITPOINT WARNING * * *
There is a stone staircase leading up here.
The hog bites you but does no damage. The hog bites you.
* * * LOW HITPOINT WARNING * * *
The hog barely misses you. The hog bites you!
* * * LOW HITPOINT WARNING * * *
The hog bites you but does no damage. The hog bites you!
You die...
Your body crumbles into a pile of gold.

....h.^......###......##
......##.......#.......#
....h##...............##
....Y####))............#
....[....).......#....##
...###....))...........#
.######.#..............#
.# ##............h.##..#
.###.p......###<@h..#.##
..##..###.#.#######Y.#.#
.....## #....# ##.<...#
...######....####.....##
........#.......Y..##.#
#..##.#...#...#...#####
#..####...#...#..##
#...####.....###.#
.....##..p....####


You could see a yak and 2 hogs.

Vanquished Creatures
  Pikel (D:5)
  Grinder (D:4)
  2 hippogriffs
  Duvessa (D:7)
  4 ogres
  3 slaves (D:6)
  2 ice beasts
  3 phantoms
  2 centaurs
  A gnoll sergeant (D:7)
  3 bullfrogs
  2 scorpions (D:7)
  Dowan (D:7)
  2 howler monkeys (D:7)
  3 crimson imps
  A centaur zombie (D:5)
  2 hounds
  A jelly (D:6)
  An orc priest (D:3)
  3 orc wizards (D:3)
  3 bullfrog skeletons
  9 worker ants
  A hound zombie (D:5)
  A hound skeleton (D:7)
  15 adders
  9 gnolls
  2 oozes
  A worm (D:3)
  A dart slug (D:2)
  3 leopard geckos
  17 orcs
  4 giant cockroaches
  7 goblins
  4 hobgoblins
  7 jackals
  10 kobolds
  A quokka (D:2)
  4 ball pythons
  7 bats
  5 frilled lizards
  2 leopard gecko skeletons (D:5)
  5 rats
157 creatures vanquished.

Notes
Turn   | Place    | Note
-------+----------+-------------------------------------------
     0 | D:1      | An17 the Mummy Wanderer began the quest for the Orb.
     0 | D:1      | An17 set off with the following items: a +0 mace, a +2
                  | scale mail, 11 poisoned darts, a +0 dagger
     0 | D:1      | Reached XP level 1. HP: 15/15 MP: 1/1
    82 | D:1      | Found a shattered altar of Ashenzari.
   147 | D:1      | Reached XP level 2. HP: 20/21 MP: 2/2
   838 | D:2      | Reached XP level 3. HP: 23/26 MP: 3/3
   854 | D:2      | Found an ornate altar of the Wu Jian Council.
  1001 | D:2      | Found an opulent altar of Gozag.
  1010 | D:2      | Became a worshipper of Gozag Ym Sagoz the Greedy
  1674 | D:3      | Reached skill level 1 in Axes
  1674 | D:3      | Reached XP level 4. HP: 31/33 MP: 4/4
  1741 | D:3      | Noticed a phantom
  2137 | D:3      | Killed a phantom
  2137 | D:3      | Reached skill level 2 in Axes
  2137 | D:3      | Reached XP level 5. HP: 17/38 MP: 5/5
  2452 | D:3      | Reached skill level 1 in Dodging
  2623 | D:3      | Reached XP level 6. HP: 39/44 MP: 6/6
  3073 | D:4      | Reached skill level 3 in Axes
  3270 | D:4      | Found a hazy altar of Hepliaklqana.
  3271 | D:4      | Found a shattered altar of Ashenzari.
  3283 | D:4      | Noticed Grinder
  3334 | D:4      | Reached XP level 7. HP: 15/51 MP: 7/7
  3352 | D:4      | Killed Grinder
  3352 | D:4      | Reached skill level 4 in Axes
  3984 | D:5      | Entered Level 5 of the Dungeon
  4004 | D:5      | Reached skill level 5 in Armour
  4004 | D:5      | Reached XP level 8. HP: 14/58 MP: 8/8
  4067 | D:5      | Reached skill level 5 in Axes
  4113 | D:5      | Found a radiant altar of Vehumet.
  4448 | D:5      | Found a blossoming altar of Fedhas.
  4458 | D:5      | Found a bloodstained altar of Trog.
  4586 | D:5      | Noticed a hippogriff
  4595 | D:5      | Killed a hippogriff
  4636 | D:5      | Found an ancient bone altar of Kikubaaqudgha.
  4733 | D:6      | Found a hide-covered altar of Uskayaw.
  4735 | D:6      | Noticed Pikel
  5056 | D:5      | Killed Pikel
  5056 | D:5      | Reached skill level 6 in Axes
  5056 | D:5      | Reached XP level 9. HP: 43/65 MP: 9/9
  5111 | D:6      | Found an iron altar of Okawaru.
  5169 | D:6      | Found a staircase to the Ecumenical Temple.
  5385 | D:6      | Reached skill level 7 in Axes
  5730 | Temple   | Entered the Ecumenical Temple
  6029 | D:7      | Noticed Dowan
  6032 | D:7      | Noticed Duvessa
  6048 | D:7      | Killed Dowan
  6048 | D:7      | Reached skill level 5 in Fighting
  6059 | D:7      | Killed Duvessa
  6576 | D:7      | Slain by a hog

Levels and vault maps discovered:
D:1:      wander_arrival_desolate, layout_basic, minmay_misc_feat_five,
          nicolae_ashenzari_panopticon
D:2:      layout_loops_corners, lemuel_crystal_altar,
          nicolae_gozag_cash_rules_everything_around_me
D:3:      layout_basic, first_ration, serial_bayou_pond_c
D:4:      layout_basic, chequers_temple_overflow_statue_of_worship, uniq_grinder
D:5:      layout_rooms, kennysheep_mini_moat, vehumet_altar_wand_db,
          amethyst_overflow_temple_binary
D:6:      layout_rooms, okawaru_gym_becter, eat_drink_and_be_merry_uskayaw,
          temple_doors_ab, minmay_crossroads, uniq_pikel
D:7:      layout_cave_pools, grunt_livestock, uniq_duvessa
Temple:   jpeg_temple_island

Skill      XL: |  1  2  3  4  5  6  7  8  9 |
---------------+----------------------------+-----
Armour         | 3 4 5 6 |  6.7
Axes           | 1 2 3 4 6 7 |  7.9
Fighting       | 2 3 4 5 |  5.4
Dodging        | 1 2 3 |  3.5
Maces & Flails | |  1.9
Bows           | |  1.5
Throwing       | |  1.1
Shields        | |  1.0

Action                   |  1- 3 |  4- 6 |  7- 9 || total
-------------------------+-------+-------+-------++-------
Melee: Mace              |    17 |       |       ||    17
       Hand axe          |    91 |   188 |   444 ||   723
Throw: Dart              |       |       |     1 ||     1
Invok: Potion Petition   |       |     1 |     1 ||     2
  Use: Scroll            |     6 |     2 |     1 ||     9
 Stab: Distracted        |       |       |     2 ||     2
Armor: Scale mail        |    71 |    98 |   270 ||   439
Dodge: Dodged            |    82 |   106 |   268 ||   456

Table legend:
 A = Non-vault XP
 B = Vault XP
 C = Vault XP percentage of total XP
 D = Non-vault monster count
 E = Vault monster count
 F = Vault count percentage of total count
                 A         B        C        D         E       F
            +---------+---------+-------+---------+---------+-------
      Total |    3879 |    1158 |  23.0 |     149 |       5 |   3.2
            +---------+---------+-------+---------+---------+-------
        D:1 |      38 |       0 |   0.0 |      24 |       0 |   0.0
        D:2 |      43 |       0 |   0.0 |      16 |       0 |   0.0
        D:3 |     371 |       0 |   0.0 |      28 |       0 |   0.0
        D:4 |     610 |     267 |  30.4 |      17 |       1 |   5.6
        D:5 |     787 |     686 |  46.6 |      19 |       2 |   9.5
        D:6 |     860 |       0 |   0.0 |      21 |       0 |   0.0
        D:7 |    1170 |     205 |  14.9 |      24 |       2 |   7.7
            +---------+---------+-------+---------+---------+-------
